 Dungeon Crawl Stone Soup version 0.31-a0-879-g1609e0ac53 (webtiles) character file.

Game seed: 11681414657617209944

5 Kurtz the Sneak (level 1, -1/21 HPs)
             Began as a Naga Delver on Oct 14, 2023.
             Slain by a goblin
             ... wielding a +0 club
              (2 damage)
             ... on level 3 of the Dungeon.
             The game lasted 00:00:29 (218 turns).

Kurtz the Sneak (Naga Delver)                        Turns: 218, Time: 00:00:30

Health: -1/21      AC:  2    Str: 14    XL:     1   Next: 80%
Magic:  1/1        EV:  9    Int: 10    God:
Gold:   31         SH:  0    Dex: 12    Spells: 0/0 levels left

rFire   . . .        a - +0 hand axe
rCold   . . .        (no shield)
rNeg    . . .        b - +0 leather armour
rPois   +            (no helmet)
rElec   .            (no cloak)
rCorr   .            i - +0 pair of gloves
SInv    +            (no barding)
Will    .....        (no amulet)
Stlth   +++          (no ring)
HPRegen 0.23/turn    (no ring)
MPRegen 0.07/turn

%: no passive effects
@: very slow
A: AC +0, large, see invisible, deformed body, poison resistance, slowness 2,
spit poison 1, naga tail 1
a: Spit Poison


You were on level 3 of the Dungeon.
You visited 1 branch of the dungeon, and saw 3 of its levels.

You collected 31 gold pieces.

Inventory:

Hand Weapons
 a - a +0 hand axe (weapon)
Armour
 b - a +0 leather armour (worn)
 i - a +0 pair of gloves (worn)
Wands
 g - a wand of digging (3)
Scrolls
 c - a scroll of fog
 d - a scroll of revelation
 e - a scroll of fear
Potions
 f - a potion of haste
 h - 2 potions of lignification {unknown}


   Skills:
 - Level 3.0 Fighting
 * Level 2.5 Axes
 - Level 1.5 Dodging
 - Level 7.2 Stealth


You couldn't memorise any spells.
You didn't know any spells.
Your spell library was empty.

Dungeon Overview and Level Annotations

Branches:
Dungeon (5/15)
 Temple: D:4-7

Altars:

Annotations:
D:4 2 runed translucent doors


Innate Abilities, Weirdness & Mutations

Your serpentine skin is tough. (AC +0)
You have supernaturally acute eyesight. (SInv)
Armour fits poorly on your strangely shaped body.
Your system is resistant to poisons. (rPois)
You cover ground very slowly.
You can spit poison.
You have a snake-like lower body.


Message History

A kobold and an orc come into view.
Found a glowing silvery potion.
A goblin and a ball python come into view.
Found 4 stones.
The ball python hisses angrily.
The goblin shouts!
You catch the helpless ball python completely off-guard!
You slash the ball python!
You kill the ball python!
The ball python bites you but does no damage.
The ball python attacks as it pursues you!
The ball python bites you.
You barely miss the ball python. The ball python closely misses you. x2
You hit the ball python.
The ball python is severely wounded.
You closely miss the goblin. The ball python bites you.
The goblin hits you with a +0 club.
You closely miss the ball python.
The ball python is severely wounded.
You hit the goblin. The ball python barely misses you.
The goblin hits you with a +0 club. The ball python bites you.
You are too injured to fight recklessly!
You are too injured to fight recklessly!
You are too injured to fight recklessly!
You hit the goblin but do no damage.
The goblin is moderately wounded.
You hit the ball python.
You kill the ball python!
The goblin hits you with a +0 club.
You are too injured to fight recklessly!
You barely miss the goblin.
The goblin is moderately wounded.
The goblin hits you with a +0 club. x2
* * * LOW HITPOINT WARNING * * *
Unknown command.
You barely miss the goblin.
The goblin is moderately wounded.
The goblin hits you with a +0 club.
* * * LOW HITPOINT WARNING * * *
You closely miss the goblin. The goblin hits you with a +0 club.
You die...

### #.# #.# .... #.#
#.#
.##..####.###.###
................#
.....o.g........##
...........##.......
.......###.##...####
....... #.g......
....... #@....####
...........##...#
......(#.#........
#.###.##.####...## .
## ##


You could see a goblin.

Vanquished Creatures
  An endoplasm (D:4)
  A giant cockroach (D:4)
  A kobold (D:4)
  2 ball pythons (D:3)
5 creatures vanquished.

Notes
Turn   | Place    | Note
-------+----------+-------------------------------------------
     0 | D:5      | Kurtz the Naga Delver began the quest for the Orb.
     0 | D:5      | Reached XP level 1. HP: 21/21 MP: 1/1
   133 | D:4      | Found a large runed translucent door.
   133 | D:4      | Found a large runed translucent door.
   217 | D:3      | HP: 1/21 [goblin/+0 club (4)]
   218 | D:3      | Slain by a goblin

Illustrated notes

Levels and vault maps discovered:
D:3:      layout_loops_ring, nicolae_overflows_in_rows
D:4:      layout_basic, ebering_ghost_disaster_area, uniq_edmund, uniq_pikel,
          uniq_blork_the_orc
D:5:      layout_gridville, uniq_ijyb

Action                     || total
---------------------------++-------
  Melee: Hand axe          ||    14
   Stab: Sleeping          ||     2
         Distracted        ||     1
 Armour: Leather armour    ||    12
  Dodge: Dodged            ||     7

Table legend: (Time is in decaauts)
 A = Elapsed time spent in this place.
 B = Non-inter-level travel time spent in this place.
 C = Inter-level travel time spent in this place.
 D = Time resting spent in this place.
 E = Time spent auto-exploring this place.
 F = Levels seen in this place.
 G = Mean time per level.
                   A        B        C        D        E       F      G
               +--------+--------+--------+--------+--------+-----+--------+
         Total |    293 |    261 |     32 |      0 |    149 |   3 |   97.7 |
       Dungeon |    293 |    261 |     32 |      0 |    149 |   3 |   97.7 |
               +--------+--------+--------+--------+--------+-----+--------+

Top non-repeatable levels by time:
     D:5: 139 daAuts
     D:4: 127 daAuts
     D:3: 26 daAuts
